AoeStats
← Iguano Pop

Golden Pit

510047072Analyzed
1v1 RM · 3d ago on Sep 29, 2026· 43m 58s· 2 players
Game mode
Random Map
Map size
Tiny (2 player)
Population
200
Speed
Normal
Resources
Standard
Victory
Conquest
Starting age
Dark Age
Ending age
Imperial Age
RankedLock teamsTeams togetherTeam positionsShared explorationLock speedFull tech treeHidden civsTurbo modeCheats
Victory
Defeat
🇲🇽 Poles · Mexico
1357
+15
🇦🇺 Mongols · Australia
1335
-15
hamole
9:18 Feudal Age
8:17 Loom
15:24 Castle Age
25:30 Fletching
26:22 Double-Bit Axe
29:13 Bodkin Arrow
29:23 Padded Archer Armor
30:38 Bloodlines
33:23 Leather Archer Armor
33:33 Husbandry
34:47 Ballistics
39:30 Thumb Ring
40:03 Bow Saw
42:27 Stone Mining
42:35 Gold Mining
Iguano Pop
7:17 Loom
9:30 Feudal Age
10:04 Double-Bit Axe
17:10 Forging
19:16 Town Watch
19:56 Horse Collar
21:05 Wheelbarrow
24:40 Castle Age
24:42 Gold Mining
25:01 Fletching
25:33 Bloodlines
25:04 Crossbowman
25:40 Bodkin Arrow
26:14 Light Cavalry
27:07 Husbandry
27:29 Ballistics
27:49 Padded Archer Armor
29:31 Leather Archer Armor
29:27 Scale Barding Armor
37:23 Imperial Age
36:50 Thumb Ring
37:54 Chain Barding Armor
38:08 Bracer
40:39 Iron Casting
44:04 Chemistry
Connection lost

Rejoining the realm…

Still unreachable

The connection could not be restored.

Session expired

The server has moved on; the page needs a fresh start.